 Dungeon Crawl Stone Soup version 0.30.1-11-g7821555f0a (webtiles) character file.

Game seed: 1910419742362657874

2807 lonewolfV2 the Fighter (level 10, -5/82 HPs)
             Began as a Formicid Fighter on Nov 15, 2023.
             Slain by a hornet (10 damage)
             ... on level 8 of the Dungeon.
             The game lasted 00:12:55 (6809 turns).

lonewolfV2 the Fighter (Formicid Fighter)           Turns: 6809, Time: 00:12:56

Health: -5/82      AC: 11    Str: 24 (25) XL:     10   Next: 2%
Magic:  0/10       EV:  8    Int: 13 (14) God:
Gold:   402        SH:  6    Dex: 13 (16) Spells: 9/9 levels left

rFire   + + .        p - +7 flail of the Hidden Vale {speed, rPois Str+4 Int+3}
rCold   + + +        c - +0 buckler
rNeg    . . .        s - +0 chain mail
rPois   +            (helmet unavailable)
rElec   +            (no cloak)
rCorr   +            (no gloves)
SInv    +            y - +0 pair of boots
Will    +....        A - amulet of guardian spirit Stlth
                     i - ring of protection from cold
HPRegen 1.13/turn    t - ring of protection from fire
MPRegen 0.12/turn

%: guardian spirit
@: mighty, resistant
A: permanent stasis, dig shafts and tunnels, antennae 3, four strong arms,
clever 1, cold resistance 1, poison resistance, regeneration 1
a: Dig, Shaft Self


You were on level 8 of the Dungeon.
You visited 2 branches of the dungeon, and saw 9 of its levels.

You collected 402 gold pieces.

Inventory:

Hand Weapons
 a - a +0 war axe of flaming
 p - the +7 flail of the Hidden Vale (weapon) {speed, rPois Str+4 Int+3}
   (You found it on level 3 of the Dungeon)

   Str:       It affects your strength (+4).
   Int:       It affects your intelligence (+3).
   rPois:     It protects you from poison.
Armour
 c - a +0 buckler (worn)
 s - a +0 chain mail (worn)
 y - a +0 pair of boots (worn)
Jewellery
 i - a ring of protection from cold (left hand)
 m - a ring of flight
 t - a ring of protection from fire (right hand)
 x - a ring of ice
 A - an amulet of guardian spirit (around neck)
Wands
 n - a wand of digging (6)
Scrolls
 h - a scroll of blinking {unknown}
 k - 2 scrolls of enchant armour
 q - 3 scrolls of teleportation
Potions
 b - a potion of magic
 d - 4 potions of might
 g - 2 potions of flight
 j - 2 potions of mutation
 l - a potion of haste
 r - a potion of resistance
 v - 5 potions of invisibility


   Skills:
 - Level 8.6 Fighting
 - Level 3.5(6.0) Axes
 - Level 7.6(8.0) Maces & Flails
 + Level 6.7 Armour
 + Level 7.3 Shields


You had 9 spell levels left.
You didn't know any spells.
Your spell library contained the following spells:

 Spells                   Type           Power      Damage    Failure   Level
 Apportation              Tloc           0%         N/A       87%         1
 Freeze                   Ice            0%         1d3       87%         1
 Sublimation of Blood     Necr           0%         N/A       95%         2
 Wereblood                Tmut           0%         N/A       95%         2
 Frozen Ramparts          Ice            0%         1d1       99%         3
 Hailstorm                Conj/Ice       0%         3d3       99%         3
 Alistair's Intoxication  Tmut/Pois      0%         N/A       100%        5
 Summon Hydra             Summ           0%         N/A       100%        7


Dungeon Overview and Level Annotations

Branches:
Dungeon (8/15)             Temple (1/1) D:7
   Lair: D:8-11

Altars:
Ashenzari
Cheibriados
Dithmenos
Elyvilon
Fedhas
Gozag
Hepliaklqana
Kikubaaqudgha
Makhleb
Okawaru
Ru
Sif Muna
Trog
Uskayaw
Vehumet
Wu Jian
Xom
Yredelemnul
Zin


Innate Abilities, Weirdness & Mutations

You cannot be hasted, slowed, berserked, paralysed or teleported.
You can dig through walls and to a lower floor.
You have a pair of large antennae on your head. (SInv)
Your four strong arms can wield two-handed weapons with a shield.
Your mind is acute. (Int +4, Str/Dex -1)
Your flesh is cold resistant. (rC+)
Your system is resistant to poisons. (rPois)
Your natural rate of healing is unusually fast.


Message History

The efreet burns you. The hornet completely misses you.
You thump the efreet!
The efreet is heavily wounded.
You block the hornet's attack. The ice beast barely misses you.
The orc warrior closely misses you. The efreet gestures at you.
The bolt of fire misses you.
You are confused.
You feel invigorated. The hornet stings you!
The orc warrior hits you with a +0 dire flail!
* * * LOW HITPOINT WARNING * * *
The ice beast barely misses you. The efreet gestures at you.
The bolt of fire hits you. You resist.
* * * LOW HITPOINT WARNING * * *
You feel better.
You feel less invigorated. The hornet barely misses you. The hornet stings you.
* * * LOW HITPOINT WARNING * * *
You block the ice beast's attack. The efreet gestures at you.
The bolt of fire hits you. You resist.
* * * LOW HITPOINT WARNING * * *
You feel protected. The hornet stings you.
* * * LOW HITPOINT WARNING * * *
The orc warrior hits you with a +0 dire flail.
* * * LOW HITPOINT WARNING * * *
The orc warrior hits you with a +0 short sword!
* * * LOW HITPOINT WARNING * * *
The ice beast hits you.
* * * LOW HITPOINT WARNING * * *
The ice beast freezes you. You resist.
* * * LOW HITPOINT WARNING * * *
The efreet hits you with a +4 scimitar of flaming.
* * * LOW HITPOINT WARNING * * *
You feel better. The hornet stings you!
* * * LOW HITPOINT WARNING * * *
Your stasis prevents you from being slowed.
The hornet stings you!
You die...

###.#..........>..###
#...............#
##.####.....####.#
#..# ##...## #.#
##..# ##.##{ {#.#
##...## #.# #.#
#..#.†## # ..#
#....oR###Y.. ..#
#....@oozK.8.
#..#.Yy###...
#..#..## { ...##.##
##.. #.# ##. #.# ..#
#..


You could see a yak, an efreet, a hornet, 2 orc warriors, an ice beast, a kobold
brigand, a wight and an orc.

Vanquished Creatures
  Prince Ribbit (D:7)
  2 water moccasins
  3 sky beasts
  A black bear (D:8)
  2 ogres
  3 centaurs
  A bullfrog (D:8)
  A kobold brigand (D:7)
  5 scorpions
  10 killer bees
  A howler monkey (D:8)
  3 hounds (D:5)
  Crazy Yiuf (D:3)
  2 orc priests
  A gnoll bouda (D:5)
  A jelly (D:7)
  7 iguanas
  3 orc wizards
  7 gnolls
  5 adders
  A shadow imp (D:5)
  4 white imps
  An ufetubus (D:4)
  A worm (D:3)
  A dart slug (D:4)
  17 orcs
  3 endoplasms (D:3)
  2 giant cockroaches
  8 goblins
  7 hobgoblins
  5 jackals (D:1)
  10 kobolds
  3 quokkas
  3 ball pythons (D:1)
  2 bats
  6 frilled lizards
  6 rats
140 creatures vanquished.

Notes
Turn   | Place    | Note
-------+----------+-------------------------------------------
     0 | D:1      | lonewolfV2 the Formicid Fighter began the quest for the
                  | Orb.
     0 | D:1      | Reached XP level 1. HP: 18/18 MP: 1/1
   165 | D:1      | Reached XP level 2. HP: 24/24 MP: 2/2
   545 | D:1      | Reached XP level 3. HP: 30/30 MP: 3/3
   917 | D:2      | Found a faded altar of an unknown god.
  1498 | D:3      | Reached skill level 4 in Fighting
  1498 | D:3      | Reached XP level 4. HP: 37/37 MP: 4/4
  1541 | D:3      | Identified the +7 flail of the Hidden Vale {speed, rPois
                  | Str+4 Int+3}
  1959 | D:3      | Found a runed translucent door.
  1960 | D:3      | Noticed Crazy Yiuf
  1969 | D:3      | Killed Crazy Yiuf
  1970 | D:3      | Reached skill level 1 in Maces & Flails
  1970 | D:3      | Reached XP level 5. HP: 4/42 MP: 5/5
  1970 | D:3      | Gained mutation: Your mind is acute. (Int +4, Str/Dex -1)
                  | [potion of mutation]
  1970 | D:3      | Gained mutation: Your system is resistant to poisons.
                  | (rPois) [potion of mutation]
  1970 | D:3      | Gained mutation: Your natural rate of healing is unusually
                  | fast. [potion of mutation]
  1970 | D:3      | Gained mutation: Your flesh is cold resistant. (rC+)
                  | [potion of mutation]
  2012 | D:3      | Identified the +1 hammer of the Bear {antimagic, rN++ Str-5
                  | Stlth+}
  2219 | D:4      | Reached XP level 6. HP: 49/49 MP: 6/6
  2296 | D:4      | Found a shadowy altar of Dithmenos.
  2629 | D:4      | Found an ornate altar of the Wu Jian Council.
  3172 | D:5      | Entered Level 5 of the Dungeon
  3340 | D:5      | Reached skill level 5 in Fighting
  3374 | D:5      | Reached XP level 7. HP: 28/56 MP: 7/7
  3515 | D:5      | Reached skill level 5 in Maces & Flails
  3536 | D:5      | Reached skill level 6 in Fighting
  3679 | D:5      | Reached XP level 8. HP: 64/64 MP: 8/8
  3990 | D:6      | Reached skill level 7 in Fighting
  4712 | D:6      | Reached XP level 9. HP: 72/74 MP: 9/9
  5323 | D:7      | Noticed Prince Ribbit
  5339 | D:7      | Reached skill level 8 in Fighting
  5381 | D:7      | Killed Prince Ribbit
  5397 | D:7      | Reached skill level 5 in Armour
  5681 | D:7      | Reached skill level 5 in Shields
  6052 | D:7      | Found a staircase to the Ecumenical Temple.
  6058 | Temple   | Entered the Ecumenical Temple
  6796 | D:8      | Reached XP level 10. HP: 82/82 MP: 10/10
  6796 | D:8      | Noticed an efreet
  6809 | D:8      | Slain by a hornet

Illustrated notes

Levels and vault maps discovered:
D:1:      mrwooster_arrival_statue_2, layout_loops_corners,
          palyth_stone_intersect
D:2:      layout_basic, basic_ecumenical_altar
D:3:      layout_rooms, amcnicky_mini_pool_small, uniq_crazy_yiuf_cottage
D:4:      layout_basic, nicolae_wu_jian_immortal_techniques,
          nicolae_dithmenos_shadow_blocks, serial_bayou, serial_bayou_crossing,
          serial_bayou_pond_e, serial_bayou_lake_a, serial_bayou_lagoon_a
D:5:      layout_loops_ring, corexii_item_surrounded_by_moat,
          hangedman_minor_gate_pass
D:6:      layout_loops_corners
D:7:      layout_basic, minmay_temple_entry_glassed_door,
          amcnicky_mini_rare_corridor_liquid, uniq_prince_ribbit1
D:8:      cheibrodos_barr_body, layout_rooms, serial_shops, shop,
          roderic_lattice_a
Temple:   minmay_temple_bridge_d

Skill      XL: |  1  2  3  4  5  6  7  8  9 |
---------------+----------------------------+-----
Axes           | 3 |  3.5
Fighting       | 4 5 6 7 8 |  8.6
Maces & Flails | 1 3 4 5 7 |  7.6
Armour         | 6 |  6.7
Shields        | 7 |  7.3

Action                     |  1- 3 |  4- 6 |  7- 9 | 10-12 || total
---------------------------+-------+-------+-------+-------++-------
  Melee: War axe           |    84 |     1 |       |       ||    85
         Flail             |       |    92 |   226 |     6 ||   324
    Use: Scroll            |     2 |     4 |     9 |       ||    15
         Potion            |       |     3 |     6 |     5 ||    14
 Armour: Scale mail        |    37 |    21 |       |       ||    58
         Chain mail        |       |     9 |   118 |     1 ||   128
  Dodge: Dodged            |    52 |    39 |   104 |    10 ||   205
  Block: Buckler           |    29 |    23 |    63 |     3 ||   118
